 Dungeon Crawl Stone Soup version 0.22.1-1-ga44c0e56f4 (webtiles) character file.

219335 Bapho the Warrior (level 18, -4/229 HPs)
             Began as a Demonspawn Berserker on Sept 24, 2018.
             Was the Champion of Trog.
             Killed from afar by Nikola (18 damage)
             ... with a chain lightning
             ... on level 3 of the Swamp on Sept 25, 2018.
             The game lasted 01:34:15 (44381 turns).

Bapho the Warrior (Demonspawn Berserker)           Turns: 44381, Time: 01:34:16

Health: -4/229     AC: 22    Str: 30    XL:     18   Next: 44%
Magic:  0/18       EV: 23    Int: 10    God:    Trog [******]
Gold:   3342       SH:  0    Dex: 25    Spells: 17/17 levels left

rFire    + + .     SeeInvis +   S - +4 double sword of Zunaah {speed, Int+2 Dex+3}
rCold    + + .     Gourm    .   (no shield)
rNeg     . . .     Faith    .   s - +1 plate armour {rPois}
rPois    +         Spirit   +   X - +2 hat {SInv}
rElec    .         Reflect  .   n - +0 cloak
rCorr    .         Harm     .   (gloves unavailable)
MR       ++...     Rnd*Rage +   (boots unavailable)
Stlth    ..........             o - amulet "Ebilidgho" {RegenMP Str+5}
HPRegen  0.48/turn              i - ring of protection from fire
MPRegen  0.57/turn              D - ring "Zyniam" {rF+ rC+ Dex+5 Stlth+}

@: berserking, very quick
A: claws 3, hooves 3, horns 1, berserk 1, blink, cold resistance 1, magic
resistance 1, powered by death 2, weak 1, magic shield, magic regeneration
}: 1/15 runes: serpentine
a: Blink, Berserk, Trog's Hand, Brothers in Arms, Renounce Religion


You were on level 3 of the Swamp.
You worshipped Trog.
Trog was exalted by your worship.
You were hungry.

You visited 5 branches of the dungeon, and saw 30 of its levels.
You also visited: Sewer and Ice Cave.

You collected 3342 gold pieces.

Inventory:

Hand Weapons
 F - a +2 antimagic demon blade
 S - the +4 double sword of Zunaah (weapon) {speed, Int+2 Dex+3}
   (Trog gifted it to you on level 2 of the Swamp)

   Attacks with this weapon are significantly faster.
   It affects your intelligence (+2).
   It affects your dexterity (+3).
 W - a +6 quick blade of venom
Missiles
 d - 767 stones (quivered)
 f - 24 tomahawks
 G - 7 steel javelins
 P - 11 javelins
Armour
 n - a +0 cloak (worn)
 s - a +1 plate armour of poison resistance (worn)
 X - a +2 hat of see invisible (worn)
Jewellery
 e - an uncursed ring of resist corrosion
 i - a ring of protection from fire (left claw)
 o - the amulet "Ebilidgho" (around neck) {RegenMP Str+5}
   (You found it on level 6 of the Lair of Beasts)

   [amulet of magic regeneration]

   It increases your magic regeneration.
   It affects your strength (+5).
 D - the ring "Zyniam" (right claw) {rF+ rC+ Dex+5 Stlth+}
   (You found it on level 1 of the Lair of Beasts)

   [ring of dexterity]

   It affects your dexterity (+5).
   It protects you from fire.
   It protects you from cold.
   It makes you more stealthy.
 H - an uncursed ring of protection from cold
 Q - an uncursed ring of poison resistance
Wands
 a - a wand of acid (22)
 g - a wand of disintegration (17)
 j - a wand of iceblast (23)
 m - a wand of random effects (28)
 x - a wand of enslavement (10)
 J - a wand of digging (38)
 K - a wand of scattershot (9)
 M - a wand of polymorph (19)
 O - a wand of clouds (17)
 T - a wand of paralysis (21)
 V - a wand of flame (25)
Scrolls
 b - 2 scrolls of identify
 r - 13 scrolls of teleportation
 t - 8 scrolls of magic mapping
 u - 4 scrolls of blinking
 v - 3 scrolls of fog
 y - 7 scrolls of enchant armour
 A - 2 scrolls of enchant weapon
 B - 13 scrolls of remove curse
 R - a scroll of silence
 U - 2 scrolls of holy word
 Z - 2 scrolls of fear
Potions
 h - 4 potions of heal wounds
 k - 5 potions of haste
 l - 9 potions of curing
 p - 2 potions of magic
 q - 6 potions of might
 z - 3 potions of berserk rage
 E - 6 potions of ambrosia
 L - 3 potions of brilliance
 N - 6 potions of agility
 Y - 2 potions of flight
Comestibles
 c - 30 rations
 w - 4 chunks of flesh


   Skills:
 - Level 16.9 Fighting
 - Level 2.5(8.6) Short Blades
 + Level 12.4(12.5) Long Blades
 - Level 16.6 Armour
 - Level 16.6 Dodging


You had 17 spell levels left.
You didn't know any spells.
Your spell library contained the following spells:

 Spells                   Type           Power        Failure   Level  Hunger
 Animate Skeleton         Necr           N/A          88%         1    ##.....
 Apportation              Tloc           #.....       88%         1    ##.....
 Confusing Touch          Hex            #.....       88%         1    ##.....
 Magic Dart               Conj           #...         88%         1    ##.....
 Summon Butterflies       Summ           #.......     88%         1    ##.....
 Summon Small Mammal      Summ           #...         88%         1    ##.....
 Blink                    Tloc           N/A          95%         2    ###....
 Call Imp                 Summ           #.......     95%         2    ###....
 Passwall                 Tmut/Erth      #.......     95%         2    ###....
 Shroud of Golubria       Chrm/Tloc      #.........   95%         2    ###....
 Slow                     Hex            #.......     95%         2    ###....
 Conjure Flame            Conj/Fire      #.......     99%         3    ####...
 Gell's Gravitas          Tloc           #.........   99%         3    ####...
 Lesser Beckoning         Tloc           #.........   99%         3    ####...
 Mephitic Cloud           Conj/Pois/Air  #.......     99%         3    ####...
 Portal Projectile        Hex/Tloc       #.....       99%         3    ####...
 Spider Form              Tmut/Pois      #.........   99%         3    ####...
 Summon Guardian Golem    Hex/Summ       #.......     99%         3    ####...
 Teleport Other           Tloc           #.......     99%         3    ####...
 Tukima's Dance           Hex            #.......     99%         3    ####...
 Cause Fear               Hex            #.........   100%        4    #####..
 Passage of Golubria      Tloc           N/A          100%        4    #####..
 Summon Lightning Spire   Summ/Air       #.......     100%        4    #####..
 Alistair's Intoxication  Tmut/Pois      #.......     100%        5    ######.
 Silence                  Hex/Air        #.........   100%        5    ######.
 Conjure Ball Lightning   Conj/Air       #.........   100%        6    #######
 Deflect Missiles         Chrm/Air       #.........   100%        6    #######
 Invisibility             Hex            #.......     100%        6    #######
 Tornado                  Air            #.........   100%        9    #######


Dungeon Overview and Level Annotations

Branches:
Dungeon (15/15)            Temple (0/1) D:5            Lair (6/6) D:9
  Swamp (3/4) Lair:3        Snake (4/4) Lair:2        Slime (0/5) Lair:5
    Orc (2/2) D:12            Elf (0/3) Orc:2        Vaults (0/5) D:14
 Depths (0/5) D:15

Altars:
Ashenzari
Cheibriados
Dithmenos
Hepliaklqana
Kikubaaqudgha
Makhleb
Qazlal
Ru
Trog
Yredelemnul
The Shining One

Shops:
D:5 :[[:   D:12 [   D:13 }   Orc:1 ?   Orc:2 %[%%   Snake:4 [

Portals:
Trove: D:14 (give +7 demon blade)

Annotations:
Swamp:3 Nikola


Innate Abilities, Weirdness & Mutations

You have claws for hands.
You have hooves in place of feet.
You have a pair of small horns on your head.
Your flesh is cold resistant. (rC+)
You regenerate health from kills.
When hurt, damage is shared between your health and your magic reserves.
You regenerate magic rapidly.
You tend to lose your temper in combat.
You can translocate small distances at will.
You are resistant to hostile enchantments. (MR+)
You are weak. (Str -2)


Message History

You hear a horrible gurgling sound!
Nikola completely misses you.
You riposte.
You slash Nikola! You kick Nikola!
Nikola is almost dead.
A red film seems to cover your vision as you go berserk!
You feel yourself moving faster!
You feel mighty!
You are feeling hungry.
The alligator completely misses you. The alligator closely misses you.
The alligator bites you!
* * * LOW HITPOINT WARNING * * *
The alligator tail-slaps you but does no damage.
You closely miss Nikola. You kick Nikola! Your headbutt misses Nikola.
Nikola is almost dead.
Nikola mumbles some strange words.
You hear a mighty clap of thunder!
The lightning arc hits you!
* * * LOW HITPOINT WARNING * * *
The lightning arc hits the alligator.
The alligator dies!
The lightning arc hits you!
You die...

.≈≈≈≈..≈♣♣ ♣.#....#..≈
§≈≈≈≈≈≈..♣ ♣.#....#...
≈≈≈≈≈≈≈≈.♣♣♣♣♣≈........≈
≈≈≈≈≈≈≈...♣♣....≈♣..#≈..
#.##♣.#≈≈.≈≈≈.#≈..
#(.....≈≈≈≈.≈≈≈.≈.
#.†..≈≈≈.≈≈.♣≈#≈♣♣
#†....≈≈≈§≈.≈≈♣ ♣
#@###.#≈#...≈≈.
♣..≈≈.@...≈≈≈≈...≈≈≈≈♣
♣♣..w..♣♣♣.≈≈≈.≈≈≈≈≈≈≈
...≈.≈♣ ♣....≈≈≈≈ ≈≈.≈≈≈
♣♣♣..≈≈ ≈....≈ .≈.♣.
≈≈♣♣♣


You could see Nikola and a tyrant leech.

Vanquished Creatures
  Vashnia (Snake:2)
  Rupert (D:14)
  Gastronok (D:10)
  Agnes (Snake:4)
  14 nagarajas
  An orc warlord (Orc:2)
  A frost giant (IceCv)
  A dire elephant (D:15)
  A vault guard (D:14)
  Harold (D:11)
  Fannar (D:11)
  A rakshasa (D:15)
  28 naga warriors
  7 ghost crabs
  15 hydras
  9 anacondas
  3 alligators
  3 two-headed ogres
  2 centaur warriors
  A death knight (D:14)
  2 tengu warriors (D:15)
  A death yak (IceCv)
  Urug (Lair:3)
  4 orc high priests
  25 naga sharpshooters
  6 shock serpents
  A fire crab (shapeshifter) (D:13)
  Sonja (Lair:6)
  6 salamander mystics
  4 spriggan druids (Swamp:2)
  7 naga ritualists
  2 unseen horrors
  A shambling mangrove (Swamp:1)
  3 swamp dragons (Swamp:2)
  3 wizards
  4 orc knights (Orc:2)
  Pikel (D:8)
  The ghost of letownia the Martial Artist, a novice DsTm of Cheibriados (D:7)
  6 mana vipers
  A necromancer (D:14)
  2 oklob plants (Lair:6)
  6 orc sorcerers
  A manticore (D:15)
  22 salamanders
  6 cyclopes
  2 ugly things (D:11)
  30 naga magi
  30 black mambas
  9 guardian serpents
  4 apocalypse crabs (Swamp:2)
  An ice statue (IceCv)
  2 gargoyles
  8 spiny frogs
  A torpor snail (Lair:2)
  4 centaur skeletons
  A freezing wraith (D:15)
  13 komodo dragons
  5 rime drakes
  3 yaktaurs (D:15)
  7 trolls
  3 meliai (D:15)
  2 guardian mummies (D:14)
  15 polar bears
  5 tyrant leeches
  14 blink frogs
  8 hornets
  6 bog bodies
  12 dream sheep (Lair:6)
  13 slime creatures
  A meliai zombie (D:11)
  A vampire (D:15)
  7 hippogriffs
  3 spriggans
  49 yaks
  5 shadows
  2 wyverns
  20 humans (D:14)
  A steam dragon (D:15)
  5 basilisks
  A fire elemental (Lair:1)
  12 vampire mosquitoes
  72 nagas
  7 swamp worms
  5 wargs
  13 insubstantial wisps (Swamp:2)
  2 acid dragons
  Duvessa (D:7)
  6 water moccasins
  6 porcupines
  3 swamp drakes
  2 black bears
  25 orc warriors
  7 ice beasts
  2 sky beasts
  2 phantoms
  2 slaves (D:8)
  10 ogres
  2 necrophages
  20 wolves
  22 centaurs
  9 crocodiles
  4 big kobolds
  17 bullfrogs
  A wyvern skeleton (D:14)
  Dowan (D:7)
  8 scorpions
  12 wights
  A howler monkey (D:12)
  5 electric eels
  3 crimson imps
  5 centaur zombies
  2 bullfrog zombies
  2 quasits
  A bullfrog skeleton (D:7)
  Crazy Yiuf (D:2)
  4 hounds
  13 orc priests
  3 jellies
  Ijyb (D:3)
  Jessica (D:2)
  2 iguanas (D:9)
  25 orc wizards
  3 worker ants
  2 bullfrog simulacra (D:7)
  A hound skeleton (D:9)
  A howler monkey zombie (D:10)
  4 worker ant zombies
  Robin (D:3)
  9 adders
  A river rat (Sewer)
  2 white imps (D:7)
  5 oozes
  An adder zombie (D:4)
  3 adder skeletons
  5 worms
  7 leopard geckos
  85 orcs
  6 bats
  6 giant cockroaches
  14 goblins
  6 hobgoblins
  3 jackals (D:6)
  11 kobolds
  6 quokkas
  4 ball pythons
  2 frilled lizards (D:3)
  A giant cockroach zombie (D:4)
  A jackal simulacrum (D:7)
  A jackal zombie (D:6)
  15 rats
  2 rat zombies (D:5)
  A spectral orc (D:6)
  A fungus (Lair:6)
  2 plants (Lair:5)
1057 creatures vanquished.

Vanquished Creatures (collateral kills)
  A nagaraja (Snake:4)
  2 naga sharpshooters
  A naga mage (Snake:4)
  A black mamba (Snake:2)
  A naga (Snake:4)
6 creatures vanquished.

Vanquished Creatures (others)
  An alligator (Swamp:3)
  3 polar bears (IceCv)
  2 insubstantial wisps (Swamp:2)
  A swamp worm (Swamp:3)
  A wolf (IceCv)
  2 bushes (Lair:6)
  8 fungi
  19 plants
37 creatures vanquished.

Grand Total: 1100 creatures vanquished

Notes
Turn   | Place    | Note
-------+----------+-------------------------------------------
     0 | D:1      | Bapho the Demonspawn Berserker began the quest for the Orb.
     0 | D:1      | Reached XP level 1. HP: 18/18 MP: 1/1
   306 | D:1      | Gained mutation: When hurt, damage is shared between your
                  | health and your magic reserves. [demonic ancestry]
   306 | D:1      | Reached XP level 2. HP: 24/24 MP: 2/2
   854 | D:1      | Reached XP level 3. HP: 29/29 MP: 3/3
  1249 | D:2      | Noticed Jessica
  1249 | D:2      | Noticed an ogre
  1257 | D:2      | Killed an ogre
  1257 | D:2      | Gained mutation: You regenerate magic rapidly. [demonic
                  | ancestry]
  1257 | D:2      | Reached XP level 4. HP: 37/37 MP: 4/4
  1266 | D:2      | Killed Jessica
  1266 | D:2      | Gained mutation: You have a pair of small horns on your
                  | head. [demonic ancestry]
  1266 | D:2      | Reached XP level 5. HP: 42/42 MP: 5/5
  1381 | D:2      | Found a snail-covered altar of Cheibriados.
  1468 | D:2      | Found a burning altar of Makhleb.
  1470 | D:2      | Found a sacrificial altar of Ru.
  1474 | D:2      | Found a hazy altar of Hepliaklqana.
  1481 | D:2      | Reached ** piety under Trog
  1781 | D:2      | Found a runed door.
  1785 | D:2      | Noticed Crazy Yiuf
  1789 | D:2      | Killed Crazy Yiuf
  2213 | D:3      | Noticed Ijyb
  2223 | D:3      | Killed Ijyb
  2507 | D:3      | Found a glowing golden altar of the Shining One.
  2557 | D:3      | Found a glowing drain.
  2586 | Sewer    | Entered a sewer
  2620 | Sewer    | Gained mutation: You have large cloven feet. [demonic
                  | ancestry]
  2620 | Sewer    | Reached XP level 6. HP: 40/48 MP: 4/6
  3300 | Sewer    | Reached *** piety under Trog
  3453 | D:3      | Noticed Robin
  3468 | D:3      | Killed Robin
  3468 | D:3      | Reached skill level 5 in Long Blades
  4403 | D:4      | Gained mutation: You have sharp fingernails. [demonic
                  | ancestry]
  4403 | D:4      | Reached XP level 7. HP: 55/55 MP: 7/7
  5390 | D:5      | Entered Level 5 of the Dungeon
  5390 | D:5      | Found Pifidian's Armour Boutique.
  5390 | D:5      | Found Musuc's Armour Emporium.
  5473 | D:5      | Found a staircase to the Ecumenical Temple.
  5584 | D:5      | Found Mujy's Book Shoppe.
  5742 | D:5      | Found Axirgh's Book Emporium.
  5993 | D:5      | Found an ancient bone altar of Kikubaaqudgha.
  6077 | D:6      | Reached skill level 5 in Fighting
  6277 | D:6      | Reached **** piety under Trog
  6277 | D:6      | Gained mutation: You have very sharp fingernails. [demonic
                  | ancestry]
  6277 | D:6      | Reached XP level 8. HP: 63/63 MP: 8/8
  6409 | D:6      | Found a basalt altar of Yredelemnul.
  6413 | D:6      | Received a gift from Trog
  7410 | D:7      | Noticed Dowan
  7413 | D:7      | Noticed Duvessa
  7414 | D:7      | Killed Dowan
  7422 | D:7      | Killed Duvessa
  7422 | D:7      | Reached XP level 9. HP: 71/71 MP: 9/9
  7567 | D:7      | Found a runed gate.
  7567 | D:7      | Found a runed gate.
  7567 | D:7      | Found a runed gate.
  7881 | D:7      | Noticed letownia's ghost (novice DsTm)
  7892 | D:7      | Killed letownia's ghost
  8877 | D:8      | Reached skill level 10 in Long Blades
  9280 | D:8      | Found a stormy altar of Qazlal.
  9338 | D:8      | Found a shadowy altar of Dithmenos.
  9441 | D:8      | Noticed Pikel
  9453 | D:8      | Killed Pikel
  9453 | D:8      | Gained mutation: You have hoof-like feet. [demonic
                  | ancestry]
  9453 | D:8      | Reached XP level 10. HP: 32/81 MP: 4/10
  9701 | D:8      | Noticed a two-headed ogre
  9708 | D:8      | Killed a two-headed ogre
 10237 | D:9      | Reached ***** piety under Trog
 10750 | D:9      | Found a shattered altar of Ashenzari.
 10894 | D:9      | Received a gift from Trog
 11141 | D:9      | Found a staircase to the Lair.
 11739 | D:10     | Entered Level 10 of the Dungeon
 11808 | D:10     | Reached skill level 1 in Short Blades
 11838 | D:10     | Noticed Gastronok
 11850 | D:10     | Killed Gastronok
 11850 | D:10     | Reached XP level 11. HP: 89/89 MP: 3/11
 11887 | D:10     | Identified a scroll of acquirement
 11918 | D:10     | Reached skill level 10 in Fighting
 13030 | D:11     | Noticed a brown ugly thing
 13043 | D:11     | Killed a brown ugly thing
 13191 | D:11     | Noticed Harold
 13193 | D:11     | Noticed a white ugly thing
 13205 | D:11     | Killed Harold
 13205 | D:11     | Reached skill level 5 in Armour
 13205 | D:11     | Reached skill level 5 in Dodging
 13209 | D:11     | Killed a white ugly thing
 13486 | D:11     | Noticed Fannar
 13519 | D:11     | Killed Fannar
 13645 | D:12     | Noticed an eight-headed hydra
 13653 | D:12     | Killed an eight-headed hydra
 13996 | D:12     | Found Tiunteg's Armour Boutique.
 14001 | D:12     | Noticed an unseen horror
 14033 | D:12     | Killed an unseen horror
 14093 | D:12     | Found a staircase to the Orcish Mines.
 14423 | D:13     | Noticed an unseen horror
 14436 | D:13     | Killed an unseen horror
 14436 | D:13     | Gained mutation: You have hooves in place of feet. [demonic
                  | ancestry]
 14436 | D:13     | Reached XP level 12. HP: 92/96 MP: 4/12
 14519 | D:13     | Found Xigiol's Gadget Emporium.
 14524 | D:13     | Found a frozen archway.
 14544 | IceCv    | Entered an ice cave
 15603 | IceCv    | Identified Kaus's Guide on Unstable Malediction
 16802 | IceCv    | Noticed a death yak
 16802 | IceCv    | Noticed a frost giant
 16819 | IceCv    | Killed a frost giant
 16841 | IceCv    | Killed a death yak
 17207 | D:13     | Gained mutation: Your flesh is cold resistant. (rC+)
                  | [demonic ancestry]
 17207 | D:13     | Reached XP level 13. HP: 82/102 MP: 3/13
 17349 | D:13     | Reached skill level 10 in Dodging
 17355 | D:13     | Reached skill level 10 in Armour
 17673 | D:13     | Received a gift from Trog
 18101 | D:14     | Noticed Rupert
 18103 | D:14     | Paralysed by Rupert for 4 turns
 18120 | D:14     | Killed Rupert
 18255 | D:14     | Found a portal to a secret trove of treasure.
 19285 | D:14     | Found a gate to the Vaults.
 20894 | D:15     | Entered Level 15 of the Dungeon
 21266 | D:15     | Reached ****** piety under Trog
 21278 | D:15     | Gained mutation: You regenerate a little health from kills.
                  | [demonic ancestry]
 21278 | D:15     | Reached XP level 14. HP: 109/109 MP: 11/14
 21911 | D:15     | Received a gift from Trog
 21944 | D:15     | Found a staircase to the Depths.
 23269 | Lair:1   | Entered Level 1 of the Lair of Beasts
 23277 | Lair:1   | Got a transparent pewter ring
 23279 | Lair:1   | Identified the ring "Zyniam" {rF+ rC+ Dex+5 Stlth+} (You
                  | found it on level 1 of the Lair of Beasts)
 24261 | Lair:2   | Found a staircase to the Snake Pit.
 24893 | Lair:3   | Noticed Urug
 24903 | Lair:3   | Killed Urug
 25012 | Lair:3   | Found a staircase to the Swamp.
 25139 | Lair:3   | Received a gift from Trog
 26731 | Lair:5   | Gained mutation: You are resistant to hostile enchantments.
                  | (MR+) [potion of mutation]
 26731 | Lair:5   | Gained mutation: You are weak. (Str -2) [potion of
                  | mutation]
 26731 | Lair:5   | Gained mutation: You tend to lose your temper in combat.
                  | [potion of mutation]
 26731 | Lair:5   | Gained mutation: You can translocate small distances at
                  | will. [potion of mutation]
 26876 | Lair:5   | Found a staircase to the Slime Pits.
 27272 | Lair:6   | Entered Level 6 of the Lair of Beasts
 27359 | Lair:6   | Noticed Sonja
 27369 | Lair:6   | Killed Sonja
 27716 | Lair:6   | Got a flickering brass amulet
 27717 | Lair:6   | Identified the amulet "Ebilidgho" {RegenMP Str+5} (You
                  | found it on level 6 of the Lair of Beasts)
 27840 | Lair:6   | Reached XP level 15. HP: 33/116 MP: 12/15
 28375 | Lair:6   | Received a gift from Trog
 29196 | Orc:1    | Entered Level 1 of the Orcish Mines
 29442 | Orc:2    | Entered Level 2 of the Orcish Mines
 29591 | Orc:2    | Found a staircase to the Elven Halls.
 29892 | Orc:2    | Found a bloodstained altar of Trog.
 30132 | Orc:2    | Noticed an orc warlord
 30183 | Orc:2    | Killed an orc warlord
 30277 | Orc:2    | Found Dacex's Food Shop.
 30355 | Orc:2    | Found Doluru's Armour Emporium.
 30379 | Orc:2    | Found Jaohaaq's Food Emporium.
 30380 | Orc:2    | Found Siliwk's Food Shop.
 30622 | Orc:1    | Found Zammer's Magic Scroll Shoppe.
 30645 | Orc:1    | Received a gift from Trog
 30966 | Snake:1  | Entered Level 1 of the Snake Pit
 32779 | Snake:2  | Noticed a nagaraja
 32799 | Snake:2  | Killed a nagaraja
 32956 | Snake:2  | Gained mutation: You have claws for hands. [demonic
                  | ancestry]
 32956 | Snake:2  | Reached XP level 16. HP: 110/129 MP: 16/16
 33397 | Snake:2  | Received a gift from Trog
 33519 | Snake:2  | Noticed Vashnia
 33559 | Snake:2  | Killed Vashnia
 33564 | Snake:2  | HP: 4/131 [naga sharpshooter/bolt[Vashnia] (14)]
 33571 | Snake:1  | HP: 3/131 [naga sharpshooter/bolt[Vashnia] (5)]
 35076 | Snake:2  | Received a gift from Trog
 36024 | Snake:3  | Reached skill level 15 in Dodging
 36143 | Snake:3  | Reached skill level 15 in Armour
 36441 | Snake:3  | Received a gift from Trog
 36820 | Snake:3  | Reached skill level 15 in Fighting
 37174 | Snake:4  | Entered Level 4 of the Snake Pit
 37496 | Snake:4  | Gained mutation: You regenerate health from kills. [demonic
                  | ancestry]
 37496 | Snake:4  | Reached XP level 17. HP: 106/142 MP: 14/17
 37895 | Snake:4  | Received a gift from Trog
 38416 | Snake:4  | HP: 7/144 [poisoned by a naga warrior (splash of poison)]
 38425 | Snake:4  | HP: 7/144 [poisoned by a nagaraja (bolt of poison)]
 38432 | Snake:4  | HP: 4/144 [naga mage/poison arrow (7)]
 38447 | Snake:4  | Received a gift from Trog
 39009 | Snake:4  | Found Ker Ehow's Armour Shop.
 40200 | Snake:4  | Got a serpentine rune of Zot
 40338 | Snake:4  | Noticed Agnes
 40349 | Snake:4  | Killed Agnes
 40349 | Snake:4  | Reached XP level 18. HP: 145/153 MP: 18/18
 40508 | Swamp:1  | Entered Level 1 of the Swamp
 42291 | Swamp:2  | Received a gift from Trog
 42296 | Swamp:2  | Got a fine double sword {god gift}
 42511 | Swamp:2  | Found a basalt altar of Yredelemnul.
 42623 | Swamp:2  | Found a runed door.
 43079 | Swamp:2  | Paralysed by you for 5 turns
 43812 | Swamp:2  | Identified the +4 double sword of Zunaah {speed, Int+2
                  | Dex+3} (Trog gifted it to you on level 2 of the Swamp)
 44354 | Swamp:3  | Noticed Nikola
 44381 | Swamp:3  | Killed from afar by Nikola

Skill      XL: |  1  2  3  4  5  6  7  8  9 10 11 12 13 14 15 16 17 18 |
---------------+-------------------------------------------------------+-----
Armour         | 2 3 7 9 11 13 14 15 16 | 16.6
Long Blades    | 3 4 5 6 8 10 12 | 12.4
Dodging        | 2 3 7 9 12 13 14 15 16 | 16.6
Fighting       | 4 5 6 8 9 10 13 15 16 | 16.9
Short Blades   | 2 |  2.5

Action                   |  1- 3 |  4- 6 |  7- 9 | 10-12 | 13-15 | 16-18 || total
-------------------------+-------+-------+-------+-------+-------+-------++-------
Melee: Falchion          |    67 |   157 |    68 |       |       |       ||   292
       Headbutt          |       |    31 |    69 |   227 |   566 |   648 ||  1541
       Kick              |       |    27 |   111 |   261 |   964 |  1144 ||  2507
       Long sword        |       |       |   228 |   141 |       |       ||   369
       Quick blade       |       |       |       |   684 |  1830 |  1793 ||  4307
       Demon blade       |       |       |       |       |    14 |       ||    14
       Double sword      |       |       |       |       |       |    29 ||    29
       Unarmed           |       |       |       |       |       |    21 ||    21
Throw: Stone             |    58 |   149 |   194 |   171 |   463 |   357 ||  1392
Invok: Berserk           |     1 |     2 |     5 |    10 |    18 |    15 ||    51
       Trog's Hand       |       |       |       |     2 |     4 |     5 ||    11
       Brothers in Arms  |       |       |       |       |       |     2 ||     2
 Abil: Blink             |       |       |       |       |     1 |     1 ||     2
Evoke: Wand              |       |       |       |       |       |     1 ||     1
  Use: Scroll            |       |     4 |     2 |    17 |    13 |     4 ||    40
       Potion            |       |       |       |     1 |     1 |     8 ||    10
 Stab: Petrifying        |       |       |       |       |       |     2 ||     2
  Eat: Chunk             |     1 |    13 |    23 |    40 |    58 |    18 ||   153
       Ration            |       |       |     1 |       |     1 |    10 ||    12
Armor: Leather armour    |     8 |    34 |     5 |       |       |       ||    47
       Animal skin       |     3 |       |       |       |       |       ||     3
       Ring mail         |       |       |     7 |       |       |       ||     7
       Chain mail        |       |       |    82 |    60 |       |       ||   142
       Plate armour      |       |       |       |   159 |   425 |   457 ||  1041
       Skin              |       |       |       |       |       |     2 ||     2
Dodge: Dodged            |    45 |    80 |   115 |   216 |   575 |   850 ||  1881
       Rpst.: Falchion   |    24 |    19 |    10 |       |       |       ||    53
       Long sword        |       |       |    32 |    12 |       |       ||    44
       Demon blade       |       |       |       |       |     1 |       ||     1
       Double sword      |       |       |       |       |       |     3 ||     3
